 Dungeon Crawl Stone Soup version 0.30.0 (webtiles) character file.

Game seed: 1649708532732118599

3194 avis the Slicer (level 9, -9/44 HPs)
             Began as a Vine Stalker Brigand on May 6, 2023.
             Was a Follower of Uskayaw.
             Mangled by a yak (13 damage)
             ... on level 7 of the Dungeon.
             The game lasted 00:53:08 (6822 turns).

avis the Slicer (Vine Stalker Brigand)              Turns: 6822, Time: 00:53:09

Health: -9/44      AC:  4    Str: 14    XL:     9   Next: 96%
Magic:  0/15       EV: 12    Int: 11    God:    Uskayaw [*.....]
Gold:   370        SH:  0    Dex: 20    Spells: 10/12 levels left

rFire   . . .        a - +2 dagger (drain)
rCold   . . .        (no shield)
rNeg    + . .        C - +0 robe
rPois   .            G - +0 helmet
rElec   .            c - +0 cloak
rCorr   .            (no gloves)
SInv    .            (no boots)
Will    +....        w - amulet of faith
Stlth   +++          D - ring of wizardry
HPRegen 1.07/turn    s - ring of positive energy
MPRegen 0.14/turn

%: guardian spirit, faith, wizardry (x1)
@: no status effects
A: fangs 3, regeneration 1, magic shield, antimagic bite, no potion heal 2
a: Renounce Religion, Stomp


You were on level 7 of the Dungeon.
You worshipped Uskayaw.
Uskayaw was noncommittal.
You visited 2 branches of the dungeon, and saw 8 of its levels.

You collected 505 gold pieces.
You spent 135 gold pieces at shops.

Inventory:

Hand Weapons
 a - a +2 dagger of draining (weapon)
 b - a +3 dagger
 g - a +0 scimitar of protection
 H - a +1 whip of flaming
 I - a +0 shortbow
Missiles
 d - 13 poisoned darts (quivered)
 e - 2 curare-tipped darts
 v - 3 datura-tipped darts
Armour
 c - a +0 cloak (worn)
 C - a +0 robe (worn)
 G - a +0 helmet (worn)
Jewellery
 j - an amulet of regeneration
 s - a ring of positive energy (right hand)
 w - an amulet of faith (around neck)
 D - a ring of wizardry (left hand)
Wands
 h - a wand of polymorph (13)
 n - a wand of flame (28)
Scrolls
 k - a scroll of torment {unknown}
 m - a scroll of poison {unknown}
 o - 3 scrolls of teleportation {unknown}
 p - 2 scrolls of fear {unknown}
 q - a scroll of silence {unknown}
 r - 2 scrolls of enchant armour {unknown}
 y - 2 scrolls of summoning {unknown}
 z - 2 scrolls of amnesia {unknown}
 B - a scroll of magic mapping {unknown}
 F - 2 scrolls of fog {unknown}
 L - a scroll of noise {unknown}
Potions
 f - 4 potions of haste
 i - 3 potions of lignification
 l - 2 potions of might
 t - a potion of brilliance
 u - a potion of flight {unknown}
 x - a potion of ambrosia {unknown}
 A - a potion of magic {unknown}
 E - a potion of berserk rage {unknown}
 J - a potion of attraction
 K - a potion of resistance {unknown}


   Skills:
 - Level 3.0 Fighting
 - Level 10.0 Short Blades
 - Level 1.7 Throwing
 - Level 1.0 Dodging
 - Level 5.0 Stealth
 - Level 2.0 Spellcasting
 * Level 7.5 Invocations


You had 10 spell levels left.
You knew the following spells:

 Your Spells              Type           Power      Damage    Failure   Level
e - Wereblood             Tmut           1%         N/A       17%         2

Your spell library contained the following spells:

 Spells                   Type           Power      Damage    Failure   Level
 Beastly Appendage        Tmut           2%         N/A       12%         1
 Ignite Poison            Fire/Tmut/Pois 1%         N/A       32%         3
 Spider Form              Tmut/Pois      1%         N/A       32%         3
 Petrify                  Tmut/Erth      1%         N/A       71%         4
 Sticky Flame             Conj/Fire      1%         2d3       71%         4
 Iskenderun's Battlesphe  Conj           1%         2d6       95%         5
 Metabolic Englaciation   Hex/Ice        0%         N/A       95%         5
 Iron Shot                Conj/Erth      0%         9d1       100%        6
 Statue Form              Tmut/Erth      0%         N/A       100%        6
 Spellforged Servitor     Conj/Summ      0%         N/A       100%        7
 Ignition                 Fire           0%         3d3       100%        8


Dungeon Overview and Level Annotations

Branches:
Dungeon (7/15)             Temple (1/1) D:5

Altars:
Ashenzari
Cheibriados
Dithmenos
Elyvilon
Fedhas
Gozag
Hepliaklqana
Kikubaaqudgha
Makhleb
Nemelex Xobeh
Okawaru
Qazlal
Ru
Sif Muna
Trog
Uskayaw
Vehumet
Wu Jian
Xom
Yredelemnul
Zin
The Shining One

Shops:
D:2 *

Annotations:
D:7 1 runed translucent door, Jackthecabe's ghost, novice HOGl


Innate Abilities, Weirdness & Mutations

You have razor-sharp teeth.
Your natural rate of healing is unusually fast.
When hurt, damage is shared between your health and your magic reserves.
Your bite disrupts and absorbs the magic of your enemies.
Potions cannot restore your health.


Message History

You hit the yak but do no damage. You drain the yak. Your bite misses the yak.
The yak is lightly wounded.
The yak gores you!
* * * LOW HITPOINT WARNING * * *
You hit the yak.
The yak is lightly wounded.
Okay, then.
You barely miss the yak.
The yak is lightly wounded.
The yak completely misses you.
You barely miss the yak. You bite the yak, but do no damage.
The yak is lightly wounded.
You closely miss the yak.
The yak is lightly wounded.
The yak gores you but does no damage.
You hit the yak. You drain the yak. You bite the yak. You drain its power.
You feel invigorated.
The yak is moderately wounded.
You can now pass through a line of other dancers.
You completely miss the yak. You bite the yak. You drain its power.
You feel invigorated.
The yak is heavily wounded.
The yak attacks as you move away! The yak gores you.
* * * LOW HITPOINT WARNING * * *
Aiming: Line Pass
Press: ? - help, Dir - move target The yak appears confused. x2
You can no longer pass through a line of other dancers.
The yak closely misses the yak.
The yak gores itself.
The yak gores the yak!!
The yak is killed!
The yak gores itself.
The yak gores you.
* * * LOW HITPOINT WARNING * * *
The gnoll barely misses you.
Training target 2.0 for Spellcasting reached!
Your Spellcasting skill increases to level 2!
The yak attacks as you move away! The yak gores you!
* * * LOW HITPOINT WARNING * * *
The yak seems less confused.
The yak attacks as you move away! The yak gores you!
You die...

. ........ ............
#.#.#######.....##...# ##..#
#.....###### .#.# #...........
### #.+ #........... ..##.#
#........... ....# #.###+######
#.#.#######...........
#.#..@YgY.............
##[##..#g##...........
#.#.#.###)#...........
####.#.#####.Y...........
#(..#)#.###..#...........
.#.#.####).#.#..#..#.#.##........
..........#.#...##O.#...#........
.#######.#.#.....#..#...#........
#.#.#.#..#.#.#(Y.'........


You could see 2 yaks and 2 gnolls.

Vanquished Creatures
  Pikel (D:6)
  A hornet (D:7)
  Sigmund (D:2)
  A yak (D:7)
  Menkaure (D:5)
  Duvessa (D:5)
  An orc warrior (D:7)
  An ice beast (D:6)
  2 sky beasts (D:7)
  A black bear (D:6)
  2 ogres
  A centaur (D:7)
  4 lemures (D:6)
  5 scorpions
  Dowan (D:5)
  4 killer bees (D:7)
  3 jellies (D:5)
  A gnoll bouda (D:7)
  2 orc priests
  2 hounds
  3 orc wizards
  3 sleepcaps
  4 iguanas
  6 adders
  8 gnolls
  A shadow imp (D:5)
  A white imp (D:6)
  An ufetubus (D:4)
  2 worms
  2 dart slugs (D:1)
  19 orcs
  5 bats
  7 endoplasms
  A giant cockroach (D:3)
  8 goblins
  3 hobgoblins
  2 jackals (D:4)
  5 kobolds
  6 quokkas
  6 ball pythons
  5 frilled lizards
  11 rats
145 creatures vanquished.

Notes
Turn   | Place    | Note
-------+----------+-------------------------------------------
     0 | D:1      | avis the Vine Stalker Brigand began the quest for the Orb.
     0 | D:1      | Reached XP level 1. HP: 11/11 MP: 2/2
    39 | D:1      | Reached skill level 2 in Short Blades
   117 | D:1      | Reached XP level 2. HP: 15/15 MP: 3/3
   468 | D:1      | Reached XP level 3. HP: 18/18 MP: 5/5
   626 | D:1      | Reached skill level 1 in Spellcasting
  1039 | D:1      | Found a faded altar of an unknown god.
  1188 | D:2      | Found Hycimyg's Assorted Antiques.
  1233 | D:2      | Reached skill level 3 in Short Blades
  1278 | D:2      | Reached skill level 1 in Dodging
  1376 | D:2      | Found a glowing golden altar of the Shining One.
  1433 | D:2      | Noticed Sigmund
  1476 | D:2      | Killed Sigmund
  1477 | D:2      | Reached skill level 4 in Short Blades
  1477 | D:2      | Reached skill level 5 in Stealth
  1477 | D:2      | Gained mutation: Your natural rate of healing is unusually
                  | fast. [Vine Stalker growth]
  1477 | D:2      | Reached XP level 4. HP: 15/23 MP: 6/6
  1477 | D:2      | Reached XP level 5. HP: 17/26 MP: 7/7
  1819 | D:3      | Found a bloodstained altar of Trog.
  1824 | D:3      | Reached skill level 5 in Short Blades
  2313 | D:3      | Reached XP level 6. HP: 30/30 MP: 8/8
  2719 | D:3      | Learned a level 2 spell: Wereblood
  2876 | D:2      | Bought a glowing dagger for 135 gold pieces
  3582 | D:5      | Entered Level 5 of the Dungeon
  3582 | D:5      | Found a staircase to the Ecumenical Temple.
  3591 | Temple   | Entered the Ecumenical Temple
  3658 | Temple   | Became a worshipper of Uskayaw the Reveller
  3775 | D:5      | Reached * piety under Uskayaw
  3776 | D:5      | Reached skill level 6 in Short Blades
  3776 | D:5      | Reached XP level 7. HP: 36/36 MP: 9/9
  3776 | D:5      | Noticed Duvessa
  3786 | D:5      | Noticed Dowan
  3789 | D:5      | Killed Duvessa
  3789 | D:5      | Reached ** piety under Uskayaw
  3790 | D:5      | Reached skill level 1 in Invocations
  3798 | D:5      | Killed Dowan
  3889 | D:5      | Noticed Menkaure
  3962 | D:5      | Killed Menkaure
  3963 | D:5      | Reached skill level 7 in Short Blades
  4043 | D:5      | Found a burning altar of Makhleb.
  4055 | D:5      | Found a shimmering blue altar of Sif Muna.
  4104 | D:5      | Gained mutation: You have razor-sharp teeth. [Vine Stalker
                  | growth]
  4104 | D:5      | Reached XP level 8. HP: 19/40 MP: 7/10
  4107 | D:5      | Reached *** piety under Uskayaw
  5249 | D:6      | Found a broken altar of Ashenzari.
  5298 | D:6      | Reached skill level 8 in Short Blades
  5922 | D:6      | Noticed Pikel
  5941 | D:6      | Reached **** piety under Uskayaw
  5946 | D:6      | Reached ***** piety under Uskayaw
  5984 | D:6      | Killed Pikel
  5985 | D:6      | Reached skill level 9 in Short Blades
  5985 | D:6      | Reached skill level 5 in Invocations
  5985 | D:6      | Reached XP level 9. HP: 39/44 MP: 12/14
  6237 | D:7      | Found a runed translucent door.
  6240 | D:7      | Noticed Jackthecabe's ghost (novice HOGl)
  6528 | D:7      | Noticed a hornet
  6540 | D:7      | Reached skill level 10 in Short Blades
  6555 | D:7      | Reached ****** piety under Uskayaw
  6563 | D:7      | Killed a hornet
  6822 | D:7      | Mangled by a yak

Illustrated notes

Levels and vault maps discovered:
D:1:      dpeg_arrival_subterranean_lakeside_camping, layout_basic,
          chequers_ecumenical_altar_twisty
D:2:      layout_rooms, serial_forest, infiniplex_forest_lined_2,
          infiniplex_forest_end_1, infiniplex_forest_end_3,
          infiniplex_forest_straight_2, serial_shops,
          nicolae_shop_competitors_out_of_business, basic_altar, uniq_sigmund
D:3:      layout_basic, trog_book, minmay_randomly_rotated_circles
D:4:      layout_cave_pools
D:5:      layout_gridville, mainiacjoe_overflow_large_starburst,
          minmay_temple_entry_arrows, uniq_menkaure, uniq_duvessa
D:6:      layout_basic, nicolae_ashenzari_panopticon, uniq_pikel
D:7:      layout_gridville, ebering_ghost_reflecting_pool,
          minmay_shattered_shrine
Temple:   dpeg_three_leaves_temple

Skill      XL: |  1  2  3  4  5  6  7  8  9 |
---------------+----------------------------+-----
Short Blades   | 2 4 5 6 7 9 10 | 10.0
Fighting       | 2 3 |  3.0
Spellcasting   | 1 2 |  2.0
Dodging        | 1 |  1.0
Stealth        | 5 |  5.0
Invocations    | 2 5 7 |  7.5
Throwing       | |  1.7

Action                     |  1- 3 |  4- 6 |  7- 9 || total
---------------------------+-------+-------+-------++-------
  Melee: Dagger            |    82 |   137 |   258 ||   477
         Bite              |    17 |    37 |    88 ||   142
         Punch             |     1 |     5 |     2 ||     8
  Throw: Dart              |       |     7 |    16 ||    23
 Invoke: Line Pass         |       |       |     7 ||     7
         Grand Finale      |       |       |     1 ||     1
    Use: Scroll            |       |     5 |     1 ||     6
         Potion            |       |       |     1 ||     1
   Stab: Sleeping          |    16 |     6 |    12 ||    34
         Paralysed         |       |       |     9 ||     9
         Confused          |       |       |     2 ||     2
 Armour: Robe              |     6 |    16 |    28 ||    50
  Dodge: Dodged            |    25 |    50 |    99 ||   174
